[Event "GM ZIA Smirity-A 2025"]
[Site "Dhaka"]
[Date "2025.02.18"]
[Round "3.12"]
[White "Khan, Nazrana"]
[Black "Aiyan, Rahman"]
[Result "1/2-1/2"]
[Annotator "NA"]
[ECO "E44"]
[WhiteElo "1840"]
[BlackElo "1827"]
[PlyCount "87"]
[EventDate "2025.02.17"]
[EventType "swiss"]
[EventCountry "BAN"]
[SourceTitle "playchess.com"]
[Source "ChessBase"]
[SourceQuality "1"]
[TimeControl "5400+30"]

1. d4 Nf6 2. c4 e6 3. Nc3 Bb4 4. e3 b6 5. Nge2 Bb7 6. a3 Be7 7. Ng3 d5 8. cxd5 exd5 9. Bb5+ c6 10. Bd3 O-O 11. O-O c5 12. dxc5 bxc5 13. e4 c4 14. Bb1 d4 15. Nce2 d3 16. Nc3 Nbd7 17. b3 Bc5 18. bxc4 Ne5 19. Nd5 Nxc4 20. Qxd3 Bxd5 21. exd5 Qxd5 22. Ne4 Qxe4 23. Qxe4 Nxe4 24. Bxe4 Rae8 25. Bd5 Nb6 26. Bf3 Nc4 27. Bf4 Nxa3 28. Rfc1 Bb4 29. Rc7 a5 30. h3 Nb5 31. Rc4 Rc8 32. Re4 Nc3 33. Rd4 Rfe8 34. Kf1 Red8 35. Rxd8+ Rxd8 36. Bc7 Rd7 37. Bb6 a4 38. Be3 h6 39. Bc6 Rd6 40. Bxa4 Ra6 41. Bd2 g6 42. Bxc3 Bxc3 43. Ra2 Kg7 44. g3 1/2-1/2

[Event "GM ZIA Smirity-A 2025"]
[Site "Dhaka"]
[Date "2025.02.18"]
[Round "3.13"]
[White "Neelava, Choudhury"]
[Black "Tahmidul, Haque"]
[Result "0-1"]
[Annotator "NA"]
[ECO "C56"]
[WhiteElo "1784"]
[BlackElo "2016"]
[PlyCount "44"]
[EventDate "2025.02.17"]
[EventType "swiss"]
[EventCountry "BAN"]
[SourceTitle "playchess.com"]
[Source "ChessBase"]
[SourceQuality "1"]
[TimeControl "5400+30"]

1. e4 e5 2. Nf3 Nc6 3. Bc4 Nf6 4. O-O Nxe4 5. d4 exd4 6. Re1 d5 7. Bxd5 Qxd5 8. Nc3 Qa5 9. Nxe4 Be6 10. Nxd4 Nxd4 11. c3 Nc6 12. Ng5 Be7 13. Nxe6 fxe6 14. Qb3 O-O-O 15. Qxe6+ Kb8 16. Be3 Qd5 17. Qg4 h5 18. Qe2 Bd6 19. Rad1 Qe5 20. g3 h4 21. Rf1 Rde8 22. Qd3 hxg3 0-1

[Event "GM ZIA Smirity-A 2025"]
[Site "Dhaka"]
[Date "2025.02.18"]
[Round "3.14"]
[White "Islam, M.M. Zahirul"]
[Black "Masum, Hossain"]
[Result "1-0"]
[Annotator "NA"]
[ECO "D44"]
[WhiteElo "1912"]
[BlackElo "2011"]
[PlyCount "64"]
[EventDate "2025.02.17"]
[EventType "swiss"]
[EventCountry "BAN"]
[SourceTitle "playchess.com"]
[Source "ChessBase"]
[SourceQuality "1"]
[TimeControl "5400+30"]

1. d4 d5 2. c4 c6 3. Nf3 Nf6 4. Nc3 e6 5. Bg5 dxc4 6. e4 b5 7. e5 h6 8. Bh4 g5 9. Nxg5 hxg5 10. Bxg5 Nbd7 11. g3 Bb7 12. Bg2 Rg8 13. Bh4 Rg4 14. exf6 Rxh4 15. gxh4 Qb6 16. O-O O-O-O 17. a4 Bd6 18. a5 Qc7 19. h3 a6 20. Qf3 Rg8 21. Kh1 Kb8 22. Rfd1 Rg6 23. Ne4 c5 24. dxc5 Nxc5 25. Rxd6 Qxd6 26. Nxd6 Bxf3 27. Bxf3 Rxf6 28. Kg2 e5 29. Ne4 Nxe4 30. Bxe4 Rf4 31. Bd5 f6 32. Kg3 Rd4 1-0

[Event "GM ZIA Smirity-A 2025"]
[Site "Dhaka"]
[Date "2025.02.18"]
[Round "3.15"]
[White "Safayat, Kibria Azaan"]
[Black "Hamid, Rani"]
[Result "1/2-1/2"]
[Annotator "NA"]
[ECO "B43"]
[WhiteElo "1850"]
[BlackElo "1913"]
[PlyCount "123"]
[EventDate "2025.02.17"]
[EventType "swiss"]
[EventCountry "BAN"]
[SourceTitle "playchess.com"]
[Source "ChessBase"]
[SourceQuality "1"]
[TimeControl "5400+30"]

1. e4 c5 2. Nf3 e6 3. d4 cxd4 4. Nxd4 a6 5. Nc3 Qc7 6. Bd3 Nf6 7. Be3 Bb4 8. Nde2 d5 9. exd5 Nxd5 10. Bd2 Nxc3 11. Bxc3 Bxc3+ 12. Nxc3 Qe5+ 13. Qe2 Nc6 14. O-O-O O-O 15. Qe4 f5 16. Qxe5 Nxe5 17. Rhe1 Nxd3+ 18. Rxd3 b5 19. f4 Ra7 20. g3 Rc7 21. Ne2 Re8 22. Nd4 Kf7 23. Rde3 g6 24. Nf3 h6 25. g4 Rd8 26. gxf5 exf5 27. Ne5+ Kf6 28. Rg3 Rg7 29. Reg1 g5 30. Rd3 Rxd3 31. Nxd3 Re7 32. Kd2 Bb7 33. Re1 Be4 34. Re3 Rd7 35. Ke2 Rc7 36. c3 a5 37. Rh3 Bxd3+ 38. Rxd3 gxf4 39. Kf3 Ke5 40. Rd4 b4 41. Rd3 bxc3 42. Rxc3 Rxc3+ 43. bxc3 a4 44. h4 a3 45. h5 Kd5 46. Kxf4 Kc4 47. Kxf5 Kxc3 48. Kg6 Kb2 49. Kxh6 Kxa2 50. Kg7 Kb1 51. h6 a2 52. h7 a1=Q+ 53. Kg8 Qa8+ 54. Kg7 Qb7+ 55. Kg8 Qc8+ 56. Kg7 Qd7+ 57. Kg8 Qe8+ 58. Kg7 Qe7+ 59. Kg8 Qg5+ 60. Kh8 Qh6 61. Kg8 Qg6+ 62. Kh8 1/2-1/2

[Event "GM ZIA Smirity-A 2025"]
[Site "Dhaka"]
[Date "2025.02.18"]
[Round "4.1"]
[White "Sakline Mostafa, Sajid"]
[Black "Mohammad, Javed"]
[Result "1-0"]
[Annotator "ChessBase"]
[ECO "A95"]
[WhiteElo "2199"]
[BlackElo "2139"]
[PlyCount "91"]
[EventDate "2025.02.17"]
[EventType "swiss"]
[EventCountry "BAN"]
[SourceTitle "playchess.com"]
[Source "ChessBase"]
[SourceQuality "1"]
[TimeControl "5400+30"]

1. Nf3 d5 2. d4 Nf6 3. c4 e6 4. g3 Bb4+ 5. Bd2 Be7 6. Bg2 O-O 7. O-O c6 8. Bf4 Nh5 9. Bc1 f5 10. Nc3 Nf6 11. b3 Qe8 12. e3 Nbd7 13. Bb2 Qh5 14. Ne2 g5 15. Qc1 Ne4 16. Ba3 Bxa3 17. Qxa3 Ndf6 18. h3 Bd7 19. Rfe1 Qh6 20. Ne5 Rae8 21. Qxa7 Bc8 22. Qa3 Nh5 23. Qc1 f4 24. exf4 gxf4 25. g4 Ng7 26. f3 Ng5 27. Kh2 Rf6 28. Nxf4 Nxf3+ 29. Nxf3 Qxf4+ 30. Qxf4 Rxf4 31. Rad1 Ref8 32. Kg3 h5 33. Rf1 hxg4 34. hxg4 dxc4 35. bxc4 c5 36. Ne5 Rxf1 37. Rxf1 cxd4 38. Rxf8+ Kxf8 39. Kf4 b6 40. Bc6 Ne8 41. Bxe8 Kxe8 42. Ke4 Ke7 43. g5 Bb7+ 44. Kxd4 Kd6 45. g6 Ke7 46. g7 1-0

[Event "GM ZIA Smirity-A 2025"]
[Site "Dhaka"]
[Date "2025.02.18"]
[Round "4.2"]
[White "Kazi Zarin, Tasnim"]
[Black "Zia, Tahsin Tajwar"]
[Result "0-1"]
[Annotator "ChessBase"]
[ECO "B10"]
[WhiteElo "1897"]
[BlackElo "2323"]
[PlyCount "92"]
[EventDate "2025.02.17"]
[EventType "swiss"]
[EventCountry "BAN"]
[SourceTitle "playchess.com"]
[Source "ChessBase"]
[SourceQuality "1"]
[TimeControl "5400+30"]

1. e4 c6 2. Nf3 d5 3. d3 dxe4 4. dxe4 Qxd1+ 5. Kxd1 Nf6 6. Nfd2 g5 7. Na3 h5 8. Bd3 h4 9. h3 g4 10. hxg4 Nxg4 11. Ke2 Ne5 12. Nac4 Bg4+ 13. f3 Nxd3 14. Kxd3 Be6 15. Nb3 Na6 16. Ne3 Bg7 17. Ke2 Be5 18. Rb1 O-O-O 19. Bd2 Rdg8 20. Bc3 Bxc3 21. bxc3 Kc7 22. Kf2 Rh5 23. Rh2 Nc5 24. Nf5 Na4 25. Rxh4 Rxh4 26. Nxh4 Nxc3 27. Ra1 Rd8 28. Ke3 Bc4 29. Nf5 e6 30. Ng3 b6 31. a4 e5 32. Nd2 Ba6 33. Nf5 Ne2 34. a5 Nf4 35. axb6+ Kxb6 36. Rb1+ Kc7 37. Rg1 Rb8 38. g3 Ne6 39. Ra1 Nc5 40. Rb1 Rh8 41. Nb3 Rh2 42. f4 exf4+ 43. Kxf4 Rf2+ 44. Ke3 Re2+ 45. Kd4 Rxe4+ 46. Kxc5 Re2 0-1

[Event "GM ZIA Smirity-A 2025"]
[Site "Dhaka"]
[Date "2025.02.18"]
[Round "4.4"]
[White "Wadifa, Ahmed"]
[Black "Anata, Choudhury"]
[Result "1/2-1/2"]
[Annotator "ChessBase"]
[ECO "B90"]
[WhiteElo "2053"]
[BlackElo "2206"]
[PlyCount "67"]
[EventDate "2025.02.17"]
[EventType "swiss"]
[EventCountry "BAN"]
[SourceTitle "playchess.com"]
[Source "ChessBase"]
[SourceQuality "1"]
[TimeControl "5400+30"]

1. e4 c5 2. Nf3 d6 3. d4 cxd4 4. Nxd4 Nf6 5. Nc3 a6 6. Be3 e5 7. Nb3 Be7 8. f3 Be6 9. Qd2 h6 10. O-O-O h5 11. Kb1 Nbd7 12. Nd5 Nxd5 13. exd5 Bf5 14. Bd3 Bxd3 15. Qxd3 Bg5 16. Bf2 b5 17. Rhe1 O-O 18. h4 Bxh4 19. Bxh4 Qxh4 20. Rh1 Qg5 21. g4 Qg6 22. Qe2 hxg4 23. fxg4 f5 24. gxf5 Rxf5 25. Qh2 Raf8 26. Rdg1 Rg5 27. Rxg5 Qxg5 28. Qh7+ Kf7 29. Qh3 Qe7 30. Qh5+ Kg8 31. Qh7+ Kf7 32. Qh5+ Kg8 33. Qh7+ Kf7 34. Qh5+ 1/2-1/2

[Event "GM ZIA Smirity-A 2025"]
[Site "Dhaka"]
[Date "2025.02.18"]
[Round "4.5"]
[White "Sajidul, Haque"]
[Black "Mehdi Hasan Parag"]
[Result "0-1"]
[Annotator "ChessBase"]
[ECO "A11"]
[WhiteElo "2107"]
[BlackElo "2158"]
[PlyCount "134"]
[EventDate "2025.02.17"]
[EventType "swiss"]
[EventCountry "BAN"]
[SourceTitle "playchess.com"]
[Source "ChessBase"]
[SourceQuality "1"]
[TimeControl "5400+30"]

1. Nf3 d5 2. e3 Nf6 3. c4 c6 4. Nc3 e6 5. b3 Nbd7 6. Qc2 Bd6 7. Bb2 O-O 8. Be2 e5 9. cxd5 cxd5 10. Nb5 Bb8 11. Rc1 e4 12. Nfd4 a6 13. Nc7 Bxc7 14. Qxc7 Qxc7 15. Rxc7 Re8 16. Nf5 Re6 17. O-O Ne8 18. Rc2 Ndf6 19. Rfc1 Bd7 20. Nd4 Re7 21. f4 exf3 22. gxf3 Bh3 23. Kf2 Rd7 24. Kg3 Be6 25. d3 Nd6 26. f4 Nfe8 27. Bf3 Rdd8 28. e4 dxe4 29. dxe4 Bd7 30. Kf2 Nb5 31. Ke3 Nxd4 32. Bxd4 Bc6 33. Bb6 Rd7 34. e5 Bxf3 35. Kxf3 g6 36. Rc8 Rxc8 37. Rxc8 Re7 38. Bc5 Re6 39. Rb8 b5 40. Bd6 Kg7 41. Rb6 a5 42. Rxb5 Nxd6 43. exd6 Rxd6 44. Rxa5 Rd3+ 45. Ke4 Rh3 46. b4 Rxh2 47. a4 Rb2 48. Rb5 h5 49. Kf3 Rb3+ 50. Kg2 Rb2+ 51. Kg3 Rb3+ 52. Kh4 Kh6 53. Rb6 Rf3 54. a5 Rxf4+ 55. Kg3 Rc4 56. a6 Rc3+ 57. Kg2 Rc2+ 58. Kf3 Rc3+ 59. Kf4 Ra3 60. b5 Ra4+ 61. Ke5 h4 62. Rb8 Kg7 63. Kd5 h3 64. Re8 g5 65. Re4 g4 66. Re1 h2 67. Rb1 g3 0-1

[Event "GM ZIA Smirity-A 2025"]
[Site "Dhaka"]
[Date "2025.02.18"]
[Round "4.6"]
[White "Ghosh, Chanchal Kumer"]
[Black "Islam, Khandaker Aminul"]
[Result "0-1"]
[Annotator "ChessBase"]
[ECO "B32"]
[WhiteElo "2041"]
[BlackElo "2169"]
[PlyCount "138"]
[EventDate "2025.02.17"]
[EventType "swiss"]
[EventCountry "BAN"]
[SourceTitle "playchess.com"]
[Source "ChessBase"]
[SourceQuality "1"]
[TimeControl "5400+30"]

1. e4 c5 2. Nf3 Nc6 3. d4 cxd4 4. Nxd4 e5 5. Nb5 d6 6. N1c3 a6 7. Na3 Be7 8. Be3 Nf6 9. Nc4 b5 10. Nb6 Rb8 11. Nbd5 O-O 12. Be2 Kh8 13. Nxf6 Bxf6 14. Nd5 Bg5 15. Qd3 Be6 16. c3 Bxd5 17. Qxd5 Bxe3 18. fxe3 Ne7 19. Qd3 d5 20. O-O dxe4 21. Qxe4 Qd5 22. Qh4 Qc5 23. Rf3 Ng6 24. Qh5 Rbd8 25. Rd1 Kg8 26. Bd3 Rd6 27. Bc2 Rxd1+ 28. Bxd1 Qd5 29. Bb3 Qd2 30. h4 a5 31. Qg5 a4 32. Rf2 Qc1+ 33. Rf1 Qxb2 34. Bd5 Qd2 35. c4 bxc4 36. Bxc4 Qc3 37. Bd5 Qc5 38. Rd1 Qc2 39. Rf1 Qd3 40. e4 Qd4+ 41. Kh1 Nf4 42. Rxf4 exf4 43. Qxf4 g6 44. Kh2 h5 45. Qd6 Kg7 46. Qd7 Qf6 47. Kh3 a3 48. Qa4 Qc3+ 49. Kh2 Rc8 50. Qd7 Qc7+ 51. Qxc7 Rxc7 52. Kg3 f6 53. Kf4 Rc1 54. g3 Rf1+ 55. Ke3 Kf8 56. Ke2 Rc1 57. Kf3 Ke7 58. Kf4 Rf1+ 59. Ke3 g5 60. Ke2 Rb1 61. Kf2 gxh4 62. gxh4 Kd6 63. Kf3 Ke5 64. Bf7 Rb2 65. Bc4 Rh2 66. Kg3 Rc2 67. Bf7 Kxe4 68. Bxh5 Rxa2 69. Bg6+ f5 0-1

[Event "GM ZIA Smirity-A 2025"]
[Site "Dhaka"]
[Date "2025.02.18"]
[Round "4.7"]
[White "Rahman, Syed Mahfuzur"]
[Black "Chowdhury, Sohel"]
[Result "1-0"]
[Annotator "ChessBase"]
[ECO "D44"]
[WhiteElo "2113"]
[BlackElo "2018"]
[PlyCount "73"]
[EventDate "2025.02.17"]
[EventType "swiss"]
[EventCountry "BAN"]
[SourceTitle "playchess.com"]
[Source "ChessBase"]
[SourceQuality "1"]
[TimeControl "5400+30"]

1. d4 d5 2. c4 c6 3. Nc3 Nf6 4. Nf3 e6 5. Bg5 dxc4 6. e4 b5 7. e5 h6 8. Bh4 g5 9. Nxg5 hxg5 10. Bxg5 Nbd7 11. exf6 Qb6 12. g3 Bb7 13. Bg2 O-O-O 14. O-O c5 15. d5 b4 16. Na4 Qb5 17. a3 Ne5 18. Qe2 Nd3 19. axb4 cxb4 20. Qe3 Nc5 21. dxe6 Bxg2 22. e7 Bxf1 23. Nxc5 Qc6 24. Rxf1 Bxe7 25. fxe7 Rd5 26. Na6 Qd7 27. Nxb4 Rb5 28. Nc2 Rg8 29. Re1 Re8 30. Na3 Rb6 31. Nxc4 Re6 32. Qc1 Rc6 33. Qf4 Qd5 34. Ne5 f6 35. Nxc6 fxg5 36. Qb8+ Kd7 37. Qd8+ 1-0

[Event "GM ZIA Smirity-A 2025"]
[Site "Dhaka"]
[Date "2025.02.18"]
[Round "4.9"]
[White "Tashriq Saihan, Shan"]
[Black "Noshin, Anjum"]
[Result "1/2-1/2"]
[Annotator "NA"]
[ECO "C54"]
[WhiteElo "1974"]
[BlackElo "2053"]
[PlyCount "43"]
[EventDate "2025.02.17"]
[EventType "swiss"]
[EventCountry "BAN"]
[SourceTitle "playchess.com"]
[Source "ChessBase"]
[SourceQuality "1"]
[TimeControl "5400+30"]

1. e4 e5 2. Nf3 Nc6 3. Bc4 Nf6 4. d3 Bc5 5. c3 d6 6. Nbd2 Bb6 7. Nf1 O-O 8. Bb3 d5 9. Qe2 dxe4 10. dxe4 Qe7 11. h3 Be6 12. Bc2 Nd7 13. Ng3 Rfe8 14. O-O Rad8 15. Ng5 h6 16. Nxe6 Qxe6 17. Nf5 Qg6 18. Be3 Ne7 19. Rad1 Nxf5 20. exf5 Qf6 21. Rd2 Bxe3 22. Qxe3 1/2-1/2

[Event "GM ZIA Smirity-A 2025"]
[Site "Dhaka"]
[Date "2025.02.18"]
[Round "4.10"]
[White "Aiyan, Rahman"]
[Black "Swarnavo Choudhury"]
[Result "1/2-1/2"]
[Annotator "ChessBase"]
[ECO "B44"]
[WhiteElo "1827"]
[BlackElo "2120"]
[PlyCount "89"]
[EventDate "2025.02.17"]
[EventType "swiss"]
[EventCountry "BAN"]
[SourceTitle "playchess.com"]
[Source "ChessBase"]
[SourceQuality "1"]
[TimeControl "5400+30"]

1. e4 c5 2. Nf3 e6 3. d4 cxd4 4. Nxd4 Nc6 5. Nb5 a6 6. Nd6+ Bxd6 7. Qxd6 Qe7 8. Qxe7+ Ngxe7 9. Nc3 d5 10. exd5 Nb4 11. Bd3 Nxd3+ 12. cxd3 exd5 13. d4 b5 14. Bg5 Be6 15. Bxe7 Kxe7 16. Rc1 Rhc8 17. Kd2 Kd6 18. Ne2 a5 19. Rxc8 Rxc8 20. Rc1 Rc4 21. b3 Rxc1 22. Nxc1 b4 23. Nd3 Bf5 24. Nc5 g5 25. Nb7+ Kc7 26. Nc5 h5 27. g3 h4 28. f4 hxg3 29. hxg3 gxf4 30. gxf4 Kd6 31. Nb7+ Kc7 32. Nc5 Kc6 33. Ke3 Bb1 34. Kd2 Bf5 35. Ke3 f6 36. Kd2 Bc8 37. Ke3 Kd6 38. Kf3 Kc6 39. Ke3 Kd6 40. Kf3 Ke7 41. Ke3 Kf7 42. Na4 Ke6 43. Nc5+ Kf7 44. Na4 Ke6 45. Nc5+ 1/2-1/2

[Event "GM ZIA Smirity-A 2025"]
[Site "Dhaka"]
[Date "2025.02.18"]
[Round "4.11"]
[White "Tahmidul, Haque"]
[Black "Khan, Nazrana"]
[Result "0-1"]
[Annotator "ChessBase"]
[ECO "B41"]
[WhiteElo "2016"]
[BlackElo "1840"]
[PlyCount "92"]
[EventDate "2025.02.17"]
[EventType "swiss"]
[EventCountry "BAN"]
[SourceTitle "playchess.com"]
[Source "ChessBase"]
[SourceQuality "1"]
[TimeControl "5400+30"]

1. e4 c5 2. Nf3 e6 3. d4 cxd4 4. Nxd4 a6 5. c4 Nf6 6. Nc3 Qc7 7. a3 b6 8. Be2 Bb7 9. f3 d6 10. Be3 Be7 11. Rc1 Nbd7 12. b4 O-O 13. O-O Rfc8 14. Qd2 Qd8 15. Rfd1 Rab8 16. Na4 Qf8 17. Nb3 h6 18. Bxb6 Bxe4 19. fxe4 Nxb6 20. Nxb6 Rxb6 21. e5 dxe5 22. c5 Rbb8 23. Bxa6 Rd8 24. Qe2 Rxd1+ 25. Rxd1 Ra8 26. Qc4 Nd5 27. Kf2 Qb8 28. b5 e4 29. g3 Qe5 30. Nd4 Bg5 31. Re1 Qf6+ 32. Ke2 Be3 33. Rf1 Qxd4 34. Qxd4 Bxd4 35. Rc1 Bb2 36. Rc2 Bxa3 37. b6 Nxb6 38. cxb6 Rxa6 39. Rc6 Bf8 40. b7 Ra2+ 41. Ke3 Rb2 42. Rc7 f5 43. Kd4 Kh7 44. h4 Bd6 45. Rd7 Bxg3 46. h5 Rd2+ 0-1

[Event "GM ZIA Smirity-A 2025"]
[Site "Dhaka"]
[Date "2025.02.18"]
[Round "4.12"]
[White "Islam, M.M. Zahirul"]
[Black "Rayan Rashid Mugdho"]
[Result "1/2-1/2"]
[Annotator "ChessBase"]
[ECO "D26"]
[WhiteElo "1912"]
[BlackElo "1861"]
[PlyCount "80"]
[EventDate "2025.02.17"]
[EventType "swiss"]
[EventCountry "BAN"]
[SourceTitle "playchess.com"]
[Source "ChessBase"]
[SourceQuality "1"]
[TimeControl "5400+30"]

1. d4 d5 2. Bf4 Nf6 3. e3 c5 4. Nf3 Nc6 5. c4 e6 6. Nc3 a6 7. Rc1 dxc4 8. Bxc4 cxd4 9. exd4 Be7 10. O-O O-O 11. d5 Na5 12. Be2 Nxd5 13. Nxd5 Qxd5 14. Qxd5 exd5 15. Rfd1 Be6 16. Nd4 Rac8 17. Bc7 Nc4 18. Nxe6 fxe6 19. Bxc4 dxc4 20. Rxc4 Bf6 21. b3 b5 22. Rcc1 Rf7 23. Bb6 Rxc1 24. Rxc1 Rd7 25. Be3 Kf7 26. g3 Rd6 27. Kg2 e5 28. Kf3 Ke6 29. Ke4 Kd7 30. h4 g6 31. Rc5 Bg7 32. Rd5 Ke6 33. Rxd6+ Kxd6 34. g4 Ke6 35. Bc5 Bf6 36. g5 Bd8 37. f3 Ba5 38. Bf2 Bc7 39. Bg3 Bd6 40. Bh2 Bc7 1/2-1/2

[Event "GM ZIA Smirity-A 2025"]
[Site "Dhaka"]
[Date "2025.02.18"]
[Round "4.13"]
[White "Alam, Monjur"]
[Black "Abrar, Reazul Ahnaf Mohamma"]
[Result "1-0"]
[Annotator "NA"]
[ECO "E94"]
[WhiteElo "1906"]
[BlackElo "1771"]
[PlyCount "81"]
[EventDate "2025.02.17"]
[EventType "swiss"]
[EventCountry "BAN"]
[SourceTitle "playchess.com"]
[Source "ChessBase"]
[SourceQuality "1"]
[TimeControl "5400+30"]

1. d4 Nf6 2. c4 g6 3. Nc3 Bg7 4. Nf3 O-O 5. e4 d6 6. Be2 Nbd7 7. O-O e5 8. d5 Nc5 9. Qc2 Nh5 10. b4 Nd7 11. Bd2 Nf4 12. Rfe1 Re8 13. Bf1 Nf8 14. Be3 f5 15. g3 Nh5 16. Bg5 Nf6 17. Bd3 f4 18. c5 h6 19. Bxf6 Qxf6 20. Nh4 h5 21. cxd6 g5 22. Nf5 Bxf5 23. exf5 cxd6 24. Ne4 Qe7 25. Rac1 Rad8 26. Qa4 a6 27. b5 g4 28. bxa6 bxa6 29. Qxa6 h4 30. Bb5 hxg3 31. hxg3 Ra8 32. Qxd6 Qxd6 33. Nxd6 Red8 34. Ne4 Rxa2 35. d6 Ra5 36. Bc4+ Kh7 37. Ng5+ Kh6 38. Nf7+ Kh5 39. Nxd8 Kg5 40. Ne6+ Kxf5 41. Nxg7+ 1-0

[Event "GM ZIA Smirity-A 2025"]
[Site "Dhaka"]
[Date "2025.02.18"]
[Round "4.14"]
[White "Safayat, Kibria Azaan"]
[Black "Sagor"]
[Result "1-0"]
[Annotator "NA"]
[ECO "D02"]
[WhiteElo "1850"]
[BlackElo "2001"]
[PlyCount "71"]
[EventDate "2025.02.17"]
[EventType "swiss"]
[EventCountry "BAN"]
[SourceTitle "playchess.com"]
[Source "ChessBase"]
[SourceQuality "1"]
[TimeControl "5400+30"]

1. d4 Nf6 2. Nf3 e6 3. g3 b6 4. Bg2 Bb7 5. O-O Be7 6. b3 O-O 7. Bb2 d5 8. e3 Nbd7 9. c4 dxc4 10. bxc4 c5 11. Ne5 Bxg2 12. Kxg2 Nxe5 13. dxe5 Nd7 14. f4 Qc7 15. Nc3 Rad8 16. Nb5 Qc8 17. Qf3 a6 18. Na7 Qc7 19. Nc6 Rde8 20. Rfd1 Nb8 21. Nxe7+ Rxe7 22. Rd6 Rd7 23. Rad1 Rfd8 24. Qg4 g6 25. Qg5 Nc6 26. f5 Rxd6 27. exd6 Qd7 28. Bf6 Qe8 29. Bxd8 Qxd8 30. Qxd8+ Nxd8 31. f6 b5 32. cxb5 axb5 33. Rb1 b4 34. Rc1 Nb7 35. d7 h5 36. Rxc5 1-0

[Event "GM ZIA Smirity-A 2025"]
[Site "Dhaka"]
[Date "2025.02.18"]
[Round "4.15"]
[White "Hamid, Rani"]
[Black "Neelava, Choudhury"]
[Result "1-0"]
[Annotator "ChessBase"]
[ECO "C54"]
[WhiteElo "1913"]
[BlackElo "1784"]
[PlyCount "95"]
[EventDate "2025.02.17"]
[EventType "swiss"]
[EventCountry "BAN"]
[SourceTitle "playchess.com"]
[Source "ChessBase"]
[SourceQuality "1"]
[TimeControl "5400+30"]

1. e4 e5 2. Nf3 Nc6 3. Bc4 Bc5 4. c3 Nf6 5. d4 exd4 6. e5 d5 7. Bb5 Ne4 8. cxd4 Bb4+ 9. Bd2 Nxd2 10. Nbxd2 O-O 11. O-O Ne7 12. Bd3 c6 13. a3 Ba5 14. b4 Bb6 15. a4 a5 16. b5 c5 17. dxc5 Bxc5 18. Qc2 Bb4 19. Bxh7+ Kh8 20. Bd3 Bg4 21. Rfc1 Rc8 22. Qb3 Qb6 23. h3 Bh5 24. g4 Bg6 25. Nf1 Bc5 26. Rc2 Bd4 27. Rd1 Rxc2 28. Qxc2 Rc8 29. Qe2 Bc5 30. Ng3 Bxd3 31. Rxd3 Qh6 32. Kg2 Ng6 33. Nh5 Bb4 34. Qe3 Qxe3 35. Rxe3 Rc3 36. Re2 Ra3 37. e6 fxe6 38. Rxe6 Ne7 39. Rb6 Bc5 40. Rxb7 Rxa4 41. Rb8+ Ng8 42. Ne5 Ra2 43. Nd3 Bd4 44. Nhf4 Ra3 45. Rd8 Rb3 46. Rxd5 Bb6 47. Rh5+ Nh6 48. g5 1-0

[Event "GM ZIA Smirity-A 2025"]
[Site "Dhaka"]
[Date "2025.02.19"]
[Round "5.1"]
[White "Zia, Tahsin Tajwar"]
[Black "Sakline Mostafa, Sajid"]
[Result "1-0"]
[Annotator "RC"]
[ECO "B31"]
[WhiteElo "2323"]
[BlackElo "2199"]
[PlyCount "139"]
[EventDate "2025.02.17"]
[EventType "swiss"]
[EventCountry "BAN"]
[SourceTitle "playchess.com"]
[Source "ChessBase"]
[SourceQuality "1"]
[TimeControl "5400+30"]

1. e4 c5 2. Nf3 Nc6 3. Bb5 Nf6 4. Nc3 g6 5. h3 Qc7 6. O-O Bg7 7. Re1 e5 8. Nd5 Nxd5 9. exd5 Nd4 10. Nxd4 cxd4 11. c3 a6 12. Ba4 b5 13. Bb3 dxc3 14. d6 Qc6 15. dxc3 Bb7 16. f3 O-O 17. Bg5 Rfe8 18. Qd2 Bf8 19. Rad1 a5 20. a3 Ra6 21. Be7 Qc5+ 22. Qe3 Qxe3+ 23. Rxe3 e4 24. fxe4 Bxe7 25. Rf3 Rxd6 26. Bxf7+ Kf8 27. Rxd6 Bxd6 28. Bd5+ Ke7 29. Bxb7 Rf8 30. Rxf8 Kxf8 31. Ba6 Bf4 32. Bxb5 Bc1 33. b3 d6 34. a4 Bd2 35. b4 Bxc3 36. bxa5 Bxa5 37. Kf2 Ke7 38. Ke3 Bb6+ 39. Kd3 h5 40. Kc4 h4 41. Kd5 Ba5 42. Kc6 g5 43. Bc4 Bd2 44. Kb6 Be3+ 45. Kc6 Bd2 46. Be2 Be1 47. Bg4 Bd2 48. Kb6 Be3+ 49. Kb5 d5 50. exd5 Kd6 51. Bf3 Kc7 52. Ka6 Bf2 53. Bg4 Be3 54. Kb5 Bg1 55. Kc4 Kd6 56. Be6 Bb6 57. Kb5 Bg1 58. Bf7 Kc7 59. Bh5 Ba7 60. Bg4 Bf2 61. a5 Ba7 62. d6+ Kxd6 63. Ka6 Be3 64. Kb7 Ke5 65. a6 Kf4 66. a7 Bxa7 67. Kxa7 Kg3 68. Bf3 g4 69. hxg4 h3 70. gxh3 1-0

[Event "GM ZIA Smirity-A 2025"]
[Site "Dhaka"]
[Date "2025.02.19"]
[Round "5.2"]
[White "Mehdi Hasan Parag"]
[Black "Md Minhaz Uddin"]
[Result "0-1"]
[Annotator "RC"]
[ECO "C42"]
[WhiteElo "2158"]
[BlackElo "2230"]
[PlyCount "106"]
[EventDate "2025.02.17"]
[EventType "swiss"]
[EventCountry "BAN"]
[SourceTitle "playchess.com"]
[Source "ChessBase"]
[SourceQuality "1"]
[TimeControl "5400+30"]

1. e4 e5 2. Nf3 Nf6 3. Nxe5 d6 4. Nf3 Nxe4 5. Nc3 Nxc3 6. dxc3 Be7 7. Be3 Nd7 8. Qd2 Nf6 9. O-O-O O-O 10. Bd3 Be6 11. Kb1 c5 12. Ng5 b5 13. Nxe6 fxe6 14. Rhe1 d5 15. f3 Rb8 16. Bf1 Nd7 17. Bf4 Rb6 18. g3 Rf7 19. h4 c4 20. Bg5 Bxg5 21. hxg5 Rxf3 22. Bg2 Rf7 23. Re2 Nf8 24. Bh3 Qb8 25. Qe1 Qd6 26. Rd4 a5 27. g6 hxg6 28. Rh4 Rf6 29. Rd4 b4 30. cxb4 axb4 31. g4 Rf4 32. Rxf4 Qxf4 33. Rf2 Qd6 34. g5 Rb8 35. Rf1 e5 36. Qf2 Qe7 37. Bg2 Rd8 38. Rd1 e4 39. Qd2 Ne6 40. Qe3 Qxg5 41. Qb6 Qe7 42. Bh3 Nf4 43. Bf1 e3 44. Bxc4 e2 45. Bxe2 Nxe2 46. Qxg6 Nf4 47. Qg4 Qe5 48. Rh1 Qf6 49. Rf1 Rf8 50. Qd1 Qf5 51. Qd2 Qe4 52. Re1 Ne2 53. a3 b3 0-1

[Event "GM ZIA Smirity-A 2025"]
[Site "Dhaka"]
[Date "2025.02.19"]
[Round "5.3"]
[White "Abu Sufian, Shakil"]
[Black "Wadifa, Ahmed"]
[Result "0-1"]
[Annotator "RC"]
[ECO "B55"]
[WhiteElo "2224"]
[BlackElo "2053"]
[PlyCount "85"]
[EventDate "2025.02.17"]
[EventType "swiss"]
[EventCountry "BAN"]
[SourceTitle "playchess.com"]
[Source "ChessBase"]
[SourceQuality "1"]
[TimeControl "5400+30"]

1. e4 c5 2. Nf3 d6 3. d4 cxd4 4. Nxd4 Nf6 5. f3 e5 6. Nb3 d5 7. Bg5 Be6 8. Bxf6 gxf6 9. exd5 Qxd5 10. Qxd5 Bxd5 11. Nc3 Be6 12. O-O-O Nc6 13. Bb5 Rc8 14. Nd5 Bh6+ 15. Kb1 f5 16. Rhe1 Kf8 17. Bxc6 bxc6 18. Nc3 f6 19. Nc5 Ke7 20. N3a4 Rhd8 21. Nxe6 Kxe6 22. Nc5+ Ke7 23. Nb7 Rd2 24. Rxd2 Bxd2 25. Rd1 Rc7 26. Rxd2 Rxb7 27. c4 Ke6 28. Kc2 e4 29. f4 h5 30. Kc3 Rd7 31. Rxd7 Kxd7 32. b4 c5 33. a3 Kc6 34. h3 Kb6 35. g3 a6 36. Kd2 cxb4 37. axb4 a5 38. bxa5+ Kxa5 39. Ke3 Kb6 40. g4 fxg4 41. hxg4 hxg4 42. f5 g3 43. Kd4 0-1